 Dungeon Crawl Stone Soup version 0.25-a0-10-g2fe12d4386 (webtiles) character file.

Game seed: 4633467578349310163, levelgen mode: deterministic

13932 Mattoad the Blocker (level 11, -1/145 HPs)
             Began as a Minotaur Berserker on Oct 15, 2019.
             Was an Elder of Trog.
             Slain by a six-headed hydra (14 damage)
             ... on level 12 of the Dungeon.
             The game lasted 00:55:09 (13654 turns).

Mattoad the Blocker (Minotaur Berserker)           Turns: 13654, Time: 00:55:10

Health: -1/145     AC:  2    Str: 30    XL:     11   Next: 82%
Magic:  10/10      EV: 12    Int:  4    God:    Trog [****..]
Gold:   97         SH: 14    Dex: 10    Spells: 10/10 levels left

rFire    . . .     SeeInvis .   s - +2 mace (holy)
rCold    . . .     Gourm    .   d - +0 shield
rNeg     + . .     Faith    .   (no armour)
rPois    .         Spirit   .   (helmet restricted)
rElec    .         Reflect  .   B - +0 cloak
rCorr    .         Harm     .   p - +0 pair of gloves
MR       ++...                  (no boots)
Stlth    ..........             D - amulet of the acrobat
HPRegen  1.34/turn              f - ring of positive energy
MPRegen  0.12/turn              (no ring)

@: berserking, regenerating, very quick
A: retaliatory headbutt, horns 2
a: Berserk, Trog's Hand, Brothers in Arms, Renounce Religion


You were on level 12 of the Dungeon.
You worshipped Trog.
Trog was greatly pleased with you.
You were not hungry.

You visited 2 branches of the dungeon, and saw 13 of its levels.

You collected 664 gold pieces.
You spent 567 gold pieces at shops.

Inventory:

Hand Weapons
 a - a +0 hunting sling
 b - a +2 whip of electrocution
 s - a +2 mace of holy wrath (weapon)
 F - a +1 flail of holy wrath
Missiles
 H - 144 stones (quivered)
 M - 3 silver javelins
Armour
 d - a +0 shield (worn)
 p - a +0 pair of gloves (worn)
 t - a +0 plate armour
 B - a +0 cloak (worn)
 L - the +6 scale mail "Wihuruas" {Str+7 Int-4}
   (You bought it in a shop on level 6 of the Dungeon)

   It affects your strength (+7).
   It affects your intelligence (-4).
Jewellery
 f - a ring of positive energy (left hand)
 D - an amulet of the acrobat (around neck)
 G - an uncursed amulet of the gourmand {unknown}
 I - a cursed ring of teleportation
Wands
 k - a wand of enslavement (11)
 o - a wand of iceblast (14)
 v - a wand of scattershot (4)
 w - a wand of clouds (6)
 x - a wand of acid (15)
 z - a wand of disintegration (14)
 C - a wand of flame (17)
Scrolls
 e - 4 scrolls of amnesia
 h - a scroll of silence
 l - 4 scrolls of fog
 q - 6 scrolls of remove curse
 r - 5 scrolls of magic mapping
 u - 6 scrolls of teleportation
 y - a scroll of enchant armour {unknown}
 J - 2 scrolls of noise {unknown}
Potions
 g - 3 potions of curing
 i - 2 potions of lignification {unknown}
 j - 2 potions of magic {unknown}
 m - 3 potions of haste {unknown}
 n - 2 potions of flight {unknown}
 E - a potion of berserk rage {unknown}
 K - a potion of degeneration {unknown}
Comestibles
 c - 14 rations
 A - 8 chunks of flesh


   Skills:
 - Level 9.2 Fighting
 - Level 14.0 Maces & Flails
 - Level 3.0 Slings
 - Level 0.2(1.6) Throwing
 - Level 2.5 Armour
 - Level 2.2 Dodging
 + Level 14.8 Shields


You had 10 spell levels left.
You didn't know any spells.
Your spell library was empty.

Dungeon Overview and Level Annotations

Branches:
Dungeon (12/15)            Temple (0/1) D:6            Lair (1/6) D:9
    Orc: D:9-12

Altars:
Dithmenos
Kikubaaqudgha
Makhleb
Nemelex Xobeh
Okawaru
Qazlal
Sif Muna
Trog
Vehumet
Xom
Yredelemnul
Zin

Shops:
D:6 [

Annotations:
D:8 2 transporters, opiumtea's ghost, novice MfSu


Innate Abilities, Weirdness & Mutations

You reflexively headbutt those who attack you in melee.
You have a pair of horns on your head.


Message History

The six-headed hydra bites you!
* * * LOW HITPOINT WARNING * * *
The six-headed hydra bites you.
* * * LOW HITPOINT WARNING * * *
You block the six-headed hydra's attack.
The six-headed hydra bites you.
* * * LOW HITPOINT WARNING * * *
A red film seems to cover your vision as you go berserk!
You feel yourself moving faster!
You feel mighty!
You feel a lot more hungry. The six-headed hydra bites you!
* * * LOW HITPOINT WARNING * * *
The six-headed hydra barely misses you. x2; The six-headed hydra bites you.
* * * LOW HITPOINT WARNING * * *
You block the six-headed hydra's attack. x2
You sock the six-headed hydra! You headbutt the six-headed hydra!!
The six-headed hydra is severely wounded.
You barely miss the six-headed hydra.
The six-headed hydra is severely wounded.
The six-headed hydra bites you!
You die...

#...........#
#######'##### #.## #..#
##.# ###+### #####'###
#...... #.......#
+......########.......#
#......'....D@#.......#
#......######.'.......#
#...... ###.......#
#...... ####'####
#...... #.[.# ###+###
##.### #..# ##.#######
#........#


You could see a six-headed hydra.

Vanquished Creatures
  A hydra (D:11)
  A two-headed ogre (D:8)
  An unseen horror (D:11)
  Pikel (D:4)
  2 trolls
  2 hornets
  3 hippogriffs
  Prince Ribbit (D:6)
  13 yaks
  3 hogs (D:9)
  A human (D:9)
  Menkaure (D:6)
  4 orc warriors
  A sky beast (D:7)
  An ice beast (D:5)
  A slave (D:4)
  A black bear (D:8)
  A phantom (D:6)
  9 centaurs
  3 ogres
  A crocodile (Lair:1)
  A big kobold (D:8)
  5 bullfrogs
  A wyvern zombie (D:8)
  2 wyvern skeletons
  8 scorpions
  3 killer bees (D:8)
  5 wights (D:9)
  7 howler monkeys
  3 crimson imps
  A bullfrog zombie (D:5)
  5 orc priests
  2 centaur zombies (D:10)
  9 hounds
  A quasit (D:7)
  A bullfrog skeleton (D:4)
  5 jellies
  Crazy Yiuf (D:6)
  8 orc wizards
  3 centaur skeletons
  2 iguanas
  3 worker ants
  A hound zombie (D:6)
  A hound skeleton (D:5)
  3 worker ant zombies
  4 gnolls
  14 adders
  An ooze (D:3)
  2 adder zombies
  3 adder skeletons
  A dart slug (D:4)
  8 leopard geckos
  44 orcs
  6 giant cockroaches
  5 goblins
  9 hobgoblins
  31 jackals
  5 quokkas
  A ball python (D:3)
  9 bats
  2 frilled lizards (D:2)
  A jackal skeleton (D:6)
  A jackal zombie (D:5)
  15 kobolds
  5 rats
  A fungus (D:9)
301 creatures vanquished.

Vanquished Creatures (collateral kills)
  A rakshasa (D:11)
  A hydra (D:11)
  A two-headed ogre (D:11)
  A centaur skeleton (D:11)
  10 yaks
  An ice beast (D:11)
  A centaur (D:11)
  An iguana (D:11)
  A fungus (D:9)
18 creatures vanquished.

Vanquished Creatures (others)
  A human (D:6)
  2 orc wizards (D:8)
3 creatures vanquished.

Grand Total: 322 creatures vanquished

Notes
Turn   | Place    | Note
-------+----------+-------------------------------------------
     0 | D:1      | Mattoad the Minotaur Berserker began the quest for the Orb.
     0 | D:1      | Reached XP level 1. HP: 19/19 MP: 0/0
   130 | D:1      | Reached XP level 2. HP: 25/27 MP: 1/1
  1046 | D:2      | Reached XP level 3. HP: 33/33 MP: 2/2
  1100 | D:2      | Reached ** piety under Trog
  1257 | D:2      | Reached skill level 5 in Maces & Flails
  1738 | D:3      | Reached XP level 4. HP: 24/40 MP: 3/3
  2210 | D:3      | Found a glowing silver altar of Zin.
  2381 | D:4      | Found a shadowy altar of Dithmenos.
  2417 | D:4      | Reached XP level 5. HP: 46/46 MP: 4/4
  2422 | D:4      | Reached *** piety under Trog
  2474 | D:4      | Noticed a centaur
  2485 | D:4      | Killed a centaur
  2485 | D:4      | Reached XP level 6. HP: 24/52 MP: 5/5
  2963 | D:4      | Found a burning altar of Makhleb.
  2974 | D:4      | Found a bloodstained altar of Trog.
  3167 | D:4      | Reached XP level 7. HP: 57/59 MP: 6/6
  3331 | D:4      | Noticed Pikel
  3352 | D:4      | Killed Pikel
  3352 | D:4      | Reached XP level 8. HP: 20/66 MP: 7/7
  3720 | D:5      | Entered Level 5 of the Dungeon
  4775 | D:6      | Found a staircase to the Ecumenical Temple.
  4786 | D:6      | Reached XP level 9. HP: 66/71 MP: 8/8
  4818 | D:6      | Noticed Prince Ribbit
  4840 | D:6      | Killed Prince Ribbit
  5199 | D:6      | Reached skill level 1 in Shields
  5316 | D:6      | Found a runed translucent door.
  5317 | D:6      | Noticed Crazy Yiuf
  5398 | D:6      | Noticed Menkaure
  5404 | D:6      | Found an iron altar of Okawaru.
  5408 | D:6      | Killed Menkaure
  5408 | D:6      | Reached skill level 5 in Fighting
  5703 | D:6      | Reached **** piety under Trog
  5728 | D:6      | Found an ancient bone altar of Kikubaaqudgha.
  5782 | D:6      | Found Hiosk's Armour Shoppe.
  5915 | D:6      | Killed Crazy Yiuf
  6321 | D:7      | Found a radiant altar of Vehumet.
  6626 | D:7      | Found a basalt altar of Yredelemnul.
  6628 | D:7      | Reached skill level 5 in Shields
  7120 | D:8      | Noticed a two-headed ogre
  7135 | D:8      | Killed a two-headed ogre
  7135 | D:8      | Reached XP level 10. HP: 86/86 MP: 9/9
  7158 | D:8      | Found a transporter.
  7158 | D:8      | Noticed opiumtea's ghost (novice MfSu)
  7228 | D:8      | Found a shimmering altar of Xom.
  7297 | D:8      | Found a sparkling altar of Nemelex Xobeh.
  7402 | D:8      | Found a shimmering blue altar of Sif Muna.
  7489 | D:8      | Found a transporter.
  8550 | D:9      | You fall into a shaft and drop 1 floor!
  8550 | D:10     | Entered Level 10 of the Dungeon
  8572 | D:9      | Reached ***** piety under Trog
  8659 | D:9      | Reached skill level 1 in Slings
  8701 | D:9      | Found a staircase to the Lair.
  9449 | D:9      | Found a stormy altar of Qazlal.
  9463 | D:9      | Reached skill level 10 in Shields
 10786 | D:10     | Reached XP level 11. HP: 91/97 MP: 10/10
 10829 | D:10     | Received a gift from Trog
 11818 | D:11     | Killed an unseen horror
 11853 | D:11     | Noticed a two-headed ogre
 11857 | D:11     | Killed a two-headed ogre
 11869 | D:11     | Noticed a four-headed hydra
 11874 | D:11     | Killed a four-headed hydra
 12581 | D:11     | Received a gift from Trog
 12598 | D:11     | Noticed a rakshasa
 12600 | D:11     | Noticed a five-headed hydra
 12611 | D:11     | Killed a rakshasa
 12636 | D:11     | Killed a five-headed hydra
 12869 | D:6      | Bought the +6 scale mail "Wihuruas" {Str+7 Int-4} for 567
                  | gold pieces
 12956 | Lair:1   | Entered Level 1 of the Lair of Beasts
 13638 | D:12     | Noticed a six-headed hydra
 13654 | D:12     | Slain by a six-headed hydra

Levels and vault maps discovered:
D:1:      nicolae_arrival_washed_ashore, layout_loops_corners
D:2:      layout_basic
D:3:      layout_basic, zin_statuary
D:4:      layout_gridville, lemuel_doored_altar, old_standard_altar,
          nicolae_dithmenos_through_a_glass_darkly,
          corexii_item_surrounded_by_moat, uniq_pikel
D:5:      layout_loops_ring, first_ration, kennysheep_cross_bottleneck
D:6:      layout_rooms, minmay_temple_entry_grid, serial_shops, shop,
          basic_altar, tgw_kikubaaqudgha, uniq_prince_ribbit1,
          uniq_crazy_yiuf_cottage, uniq_menkaure
D:7:      layout_loops_ring, overflow_temple_1_default,
          yredelemnul_altar_generic
D:8:      layout_gridville, lemuel_crystal_altar, led_sif_book,
          lemuel_coloured_pillars_altar, gammafunk_ghost_mausoleum
D:9:      layout_long_grid, dpeg_oklobed_lair, grunt_livestock,
          lemuel_centaur_altar
D:10:     layout_loops_cross
D:11:     layout_rooms, grunt_tough_drop
D:12:     layout_roguey, david_orc_2, minivault_16, uniq_rupert, uniq_fannar
Lair:1:   layout_gridlike

Skill      XL: |  1  2  3  4  5  6  7  8  9 10 11 |
---------------+----------------------------------+-----
Fighting       | 4 7 9 |  9.2
Maces & Flails | 4 5 6 8 9 11 13 14 | 14.0
Shields        | 7 11 14 | 14.8
Slings         | 3 |  3.0
Throwing       | |  0.2
Armour         | |  2.5
Dodging        | |  2.2

Action                   |  1- 3 |  4- 6 |  7- 9 | 10-12 || total
-------------------------+-------+-------+-------+-------++-------
Melee: Mace              |    89 |    74 |   145 |   447 ||   755
       Headbutt          |    10 |    16 |    42 |    86 ||   154
       Whip              |       |       |   131 |       ||   131
 Fire: Hunting sling     |       |       |       |    15 ||    15
Throw: Stone             |       |       |       |     5 ||     5
Invok: Berserk           |       |     2 |     9 |    13 ||    24
       Trog's Hand       |       |     1 |     3 |     3 ||     7
       Brothers in Arms  |       |       |       |     5 ||     5
  Use: Scroll            |       |     3 |     9 |     6 ||    18
       Potion            |       |       |       |     4 ||     4
 Stab: Sleeping          |     2 |       |       |       ||     2
  Eat: Chunk             |     3 |     3 |    16 |    13 ||    35
       Ration            |       |     1 |     1 |     8 ||    10
Armor: Animal skin       |    27 |       |       |       ||    27
       Chain mail        |       |    40 |    33 |       ||    73
       Plate armour      |       |       |   111 |   167 ||   278
Dodge: Dodged            |    80 |    34 |    69 |   119 ||   302
Block: Shield            |       |       |    85 |   309 ||   394

Table legend:
 A = Non-vault XP
 B = Vault XP
 C = Vault XP percentage of total XP
 D = Non-vault monster count
 E = Vault monster count
 F = Vault count percentage of total count
                 A         B        C        D         E       F
            +---------+---------+-------+---------+---------+-------
      Total |   15441 |    4462 |  22.4 |     297 |      21 |   6.6
            +---------+---------+-------+---------+---------+-------
        D:1 |      35 |       0 |   0.0 |      20 |       0 |   0.0
        D:2 |      34 |       0 |   0.0 |      20 |       0 |   0.0
        D:3 |      82 |       0 |   0.0 |      21 |       0 |   0.0
        D:4 |     731 |     685 |  48.4 |      18 |       1 |   5.3
        D:5 |     991 |       0 |   0.0 |      29 |       0 |   0.0
        D:6 |     635 |     483 |  43.2 |      28 |       3 |   9.7
        D:7 |     849 |       0 |   0.0 |      25 |       0 |   0.0
        D:8 |    2331 |      31 |   1.3 |      38 |       2 |   5.0
        D:9 |    2147 |    1468 |  40.6 |      32 |       9 |  22.0
       D:10 |    2281 |       0 |   0.0 |      27 |       0 |   0.0
       D:11 |    3950 |    1795 |  31.2 |      29 |       6 |  17.1
       D:12 |     860 |       0 |   0.0 |       7 |       0 |   0.0
     Lair:1 |     515 |       0 |   0.0 |       3 |       0 |   0.0
            +---------+---------+-------+---------+---------+-------
